Map: Kairos Junction LE

Players

HeroMarine - Winner!

  • Race: Terran Terran
  • Spawn Location: 11:00

SKillous

  • Race: Protoss Protoss
  • League: Master
  • Spawn Location: 5:00

Event: 2019 WCS Winter Europe

VOD

Have the link to the VOD?

Description

Time

  • Played on: Feb. 1, 2019, 12:10 p.m.
  • Length: 7:48

All games in this series

Show
View Real Time Build Order
Export as new Build Order

HeroMarine Terran - Winner!

Build Orders: Cyclone Opening 

Get SALT Encoding   

  12  0:00  SCV  
  13  0:12  SCV  
  14  0:19  Supply Depot  
  14  0:24  SCV  
  15  0:41  Barracks  
  16  0:44  Refinery  
  16  0:45  SCV  
  16  0:53  Refinery  
  16  0:57  SCV  
  17  1:09  SCV  
  18  1:21  SCV  
  19  1:28  Reaper  
  20  1:34  Orbital Command  
  20  1:43  Factory  
  20  1:51  Supply Depot  
  20  1:59  SCV  
  20  2:00  Reaper  
  22  2:11  SCV  
  23  2:23  SCV  
  23  2:30  Command Center, Factory Tech Lab  
  23  2:35  SCV  
  24  2:44  Starport  
  24  2:50  Supply Depot  
  24  2:52  SCV  
  24  2:58  Cyclone  
  28  3:04  SCV  
  29  3:16  SCV  
  30  3:22  Starport Tech Lab  
  29  3:28  SCV  
  33  3:37  Barracks  
  33  3:39  Cloaking Field  
  33  3:40  SCV, Banshee  
  34  3:43  Orbital Command  
  34  3:52  SCV  
  35  3:57  Barracks  
  35  3:58  Orbital Command  
  35  4:00  Barracks Reactor  
  35  4:04  SCV  
  36  4:12  Siege Tank  
  36  4:16  SCV  
  40  4:20  Refinery  
  41  4:24  SCV  
  41  4:26  Marine  
  41  4:27  Bunker  
  41  4:28  SCV  
  41  4:30  Banshee  
  46  4:37  SCV  
  47  4:38  Marine, Supply Depot  
  47  4:39  Marine  
  47  4:42  SCV  
  50  4:49  SCV  
  50  4:52  Orbital Command, Marine x2  
  48  4:56  Marine  
  48  4:57  Marine  
  47  5:10  Marine x2  
  47  5:13  Siege Tank  
  52  5:14  Marine  
  52  5:15  Marine  
  52  5:17  Orbital Command  
  52  5:20  Supply Depot  
  52  5:28  Marine x2  
  50  5:30  Raven  
  50  5:31  SCV  
  50  5:33  Orbital Command  
  54  5:37  Marine x2  
  56  5:45  SCV  
  56  5:46  Marine x2  
  58  5:55  Marine x2  
  57  6:04  Marine x2  
  57  6:06  Siege Tank  
  60  6:12  Marine  
  60  6:13  Marine  
  62  6:18  Banshee  
  62  6:23  Supply Depot  
  62  6:25  Marine  
  65  6:30  Marine  
  65  6:31  Marine  
  68  6:33  Marine  
  69  6:44  Siege Tank, Marine  
  73  6:47  Marine  
  73  6:48  Supply Depot  
  73  6:52  Marine  
  73  6:57  Marine  
  75  7:02  Marine  
  75  7:05  Bunker, Marine  
  76  7:10  Marine  
  76  7:15  Marine  
  77  7:20  Marine  
  78  7:23  SCV x2, Marine  
  78  7:28  Marine  
  77  7:35  SCV x2  
Show
View Real Time Build Order
Export as new Build Order

SKillous Protoss 

Build Orders: 1 Gate Expand 

Get SALT Encoding   

  12  0:01  Probe  
  13  0:13  Probe  
  14  0:18  Pylon  
  14  0:24  Probe  
  15  0:33  Probe  
  15  0:37  Gateway  
  15  0:41  Probe  
  16  0:46  Assimilator  
  17  0:51  Probe  
  18  1:03  Probe  
  19  1:15  Probe  
  20  1:25  Cybernetics Core  
  20  1:32  Nexus  
  20  1:39  Pylon  
  20  1:42  Probe  
  21  1:47  Assimilator  
  21  1:51  Adept  
  21  1:54  Probe  
  24  2:01  Warp Gate  
  24  2:06  Probe  
  25  2:19  Stalker  
  26  2:27  Probe  
  27  2:35  Robotics Facility  
  27  2:39  Probe  
  27  2:41  Stalker  
  28  2:45  Shield Battery  
  28  2:47  Probe  
  31  2:51  Probe  
  32  2:59  Probe  
  32  3:02  Probe  
  34  3:07  Probe  
  34  3:10  Probe  
  34  3:15  Probe  
  34  3:19  Probe  
  36  3:22  Observer  
  36  3:26  Probe  
  38  3:31  Probe  
  38  3:34  Gateway  
  40  3:35  Gateway  
  40  3:36  Warp Prism  
  40  3:38  Probe  
  40  3:39  Pylon  
  41  3:48  Probe  
  44  3:50  Probe  
  45  3:57  Stalker  
  45  4:00  Probe  
  48  4:03  Probe  
  48  4:12  Assimilator, Probe, Pylon  
  48  4:14  Observer  
  48  4:15  Probe  
  51  4:20  Stalker  
  53  4:24  Probe  
  53  4:30  Stalker, Probe  
  53  4:31  Stalker, Observer  
  59  4:35  Pylon  
  58  4:54  Probe  
  58  4:55  Observer  
  58  4:58  Probe  
  58  5:00  Stalker x2  
  58  5:06  Probe  
  61  5:07  Pylon, Shield Battery  
  61  5:10  Probe  
  61  5:14  Stalker, Observer  
  63  5:19  Probe  
  63  5:22  Probe  
  61  5:29  Nexus, Twilight Council  
  61  5:31  Probe  
  61  5:34  Probe  
  63  5:36  Stalker  
  63  5:40  Adept  
  63  5:41  Adept  
  68  5:43  Probe  
  68  5:50  Probe  
  68  5:55  Probe  
  62  5:59  Gateway  
  62  6:00  Gateway  
  62  6:02  Gateway  
  64  6:16  Immortal, Forge  
  61  6:24  Forge  
  61  6:27  Probe  
  61  6:28  Probe  
  67  6:33  Pylon  
  67  6:37  Probe  
  68  6:43  Gateway  
  68  6:44  Gateway  
  68  6:46  Immortal  
  70  6:51  Zealot x3  
  74  7:00  Zealot  
  77  7:06  Zealot x2  
  79  7:10  Pylon  
  70  7:22  Zealot  
  70  7:23  Zealot  
  70  7:25  Probe  
Tags
 
Add a new tag
Caveats
  • Supply blocks, unpowered buildings, or Contaminate may cause inaccurate times.
  • Supply counts are checked every 10 seconds.